 Dungeon Crawl Stone Soup version 0.28.0-53-g5a82cb258f (webtiles) character file.

Game seed: 12324112176536060042

263 quixfox the Chopper (level 6, -2/56 HPs)
             Began as a Hill Orc Fighter on July 10, 2022.
             Killed from afar by Ijyb (28 damage)
             ... with a bolt of acid
             ... on level 4 of the Dungeon.
             The game lasted 00:04:41 (2296 turns).

quixfox the Chopper (Hill Orc Fighter)              Turns: 2296, Time: 00:04:41

Health: -2/56      AC:  7    Str: 21    XL:     6   Next: 19%
Magic:  6/6        EV:  9    Int:  8    God:
Gold:   97         SH:  4    Dex: 10    Spells: 5/5 levels left

rFire   . . .      SeeInvis .   a - +0 war axe
rCold   . . .      Faith    .   c - +0 buckler
rNeg    . . .      Spirit   .   b - +0 scale mail
rPois   .          Reflect  .   (no helmet)
rElec   .          Harm     .   (no cloak)
rCorr   .          Rampage  .   (no gloves)
Will    .....                   (no boots)
Stlth   ..........              (no amulet)
HPRegen 0.18/turn               (no ring)
MPRegen 0.10/turn               (no ring)

@: hasted, very quick
A: no striking features
a: no special abilities


You were on level 4 of the Dungeon.
You visited 1 branch of the dungeon, and saw 4 of its levels.

You collected 97 gold pieces.

Inventory:

Hand Weapons
 a - a +0 war axe (weapon)
 k - a +0 battleaxe
Missiles
 d - 6 boomerangs (quivered)
Armour
 b - a +0 scale mail (worn)
 c - a +0 buckler (worn)
Wands
 l - a wand of flame (19)
Scrolls
 g - a scroll of identify
 i - 2 scrolls of fear
Potions
 e - a potion of curing
 j - a potion of flight


   Skills:
 + Level 5.1 Fighting
 * Level 6.2 Axes
 + Level 4.6 Armour
 - Level 3.2 Shields


You had 5 spell levels left.
You didn't know any spells.
Your spell library contained the following spells:

 Spells                   Type           Power      Damage    Failure   Level
 Portal Projectile        Hex/Tloc       0%         N/A       99%         3
 Blade Hands              Tmut           0%         N/A       100%        5
 Excruciating Wounds      Necr           0%         N/A       100%        5


Dungeon Overview and Level Annotations

Branches:
Dungeon (4/15)
 Temple: D:4-7

Altars:

Annotations:
D:3 Sigmund
D:4 Ijyb


Message History

You hit the hobgoblin.
You kill the hobgoblin!
You closely miss the giant cockroach.
The giant cockroach bites you but does no damage.
You barely miss the giant cockroach.
The giant cockroach bites you but does no damage.
The giant cockroach barely misses you.
You slash the giant cockroach!
You kill the giant cockroach!
Things that are here:
a +0 club; a hobgoblin corpse; a goblin corpse
i - 3 scrolls labelled SUPSODGH NIESIN (gained 1)
As you read the scroll labelled CASASTRO ZYTHREK, it crumbles to dust.
It is a scroll of identify.
h - a potion of haste
As you read the scroll of identify, it crumbles to dust.
j - a potion of flight
As you read the scroll labelled DAUT BUIS TUMMIR, it crumbles to dust.
You feel strangely unstable.
It was a scroll of teleportation.
Your surroundings suddenly seem different.
Ijyb the Twisted Goblin comes into view.
She is wielding a +0 club and carrying a wand of acid (7).
Ijyb shouts!
As you read the scroll labelled SUPSODGH NIESIN, it crumbles to dust.
You assume a fearsome visage.
Nothing appears to happen.
It was a scroll of fear.
Okay, then.
You feel yourself speed up.
Ijyb zaps a wand.
The bolt of acid hits you!!
Ouch! That really hurt!
Ijyb barely misses you.
You hit Ijyb.
Ijyb is moderately wounded.
You block Ijyb's attack.
You hit Ijyb.
Ijyb is heavily wounded.
You barely miss Ijyb.
Ijyb is heavily wounded.
Ijyb zaps a wand.
The bolt of acid hits you!!
Ouch! That really hurt!
You die...

..# ..# ##..
##.. # ##..# ..
##...# #...
#..##...###....#
.............#
...####.@..###
.. ###g.# ..#
#... .... ......
..... ...##


You could see Ijyb.

Vanquished Creatures
  A necrophage (D:3)
  2 howler monkeys (D:3)
  A hound (D:4)
  Robin (D:2)
  An adder (D:3)
  2 worms
  2 endoplasms
  A giant cockroach (D:4)
  10 goblins
  10 hobgoblins
  3 kobolds
  A quokka (D:2)
  2 ball pythons
  2 frilled lizards
  5 rats
44 creatures vanquished.

Vanquished Creatures (others)
  8 plants
  8 withered plants (D:1)
16 creatures vanquished.

Grand Total: 60 creatures vanquished

Notes
Turn   | Place    | Note
-------+----------+-------------------------------------------
     0 | D:1      | quixfox the Hill Orc Fighter began the quest for the Orb.
     0 | D:1      | Reached XP level 1. HP: 19/19 MP: 1/1
   331 | D:1      | Reached skill level 3 in Axes
   353 | D:1      | Found a faded altar of an unknown god.
   454 | D:1      | Reached XP level 2. HP: 27/27 MP: 2/2
  1133 | D:2      | Noticed Robin
  1144 | D:2      | Reached XP level 3. HP: 5/33 MP: 3/3
  1146 | D:2      | Killed Robin
  1147 | D:2      | Reached skill level 4 in Axes
  1646 | D:3      | Noticed a necrophage
  1657 | D:3      | Reached XP level 4. HP: 34/41 MP: 4/4
  1657 | D:3      | Killed a necrophage
  1658 | D:3      | Reached skill level 5 in Axes
  1658 | D:3      | Reached XP level 5. HP: 39/47 MP: 5/5
  1661 | D:3      | Noticed Sigmund
  1908 | D:3      | Reached skill level 5 in Fighting
  1952 | D:3      | Reached skill level 6 in Axes
  1952 | D:3      | Reached XP level 6. HP: 22/56 MP: 6/6
  2287 | D:4      | Noticed Ijyb
  2296 | D:4      | Killed from afar by Ijyb

Illustrated notes

Levels and vault maps discovered:
D:1:      ebering_hopf_link, layout_loops_ring,
          shapermc_ecumenical_altar_flowoftime
D:2:      layout_basic, uniq_robin
D:3:      layout_loops_ring, corexii_shack, feat_on_display, uniq_sigmund
D:4:      layout_layer_cave, minmay_temple_entry_large_hall, uniq_ijyb

Skill      XL: |  1  2  3  4  5 |
---------------+----------------+-----
Axes           | 3 4 5 6 |  6.2
Fighting       | 4 5 |  5.1
Armour         | 4 |  4.6
Shields        | |  3.2

Action                   |  1- 3 |  4- 6 || total
-------------------------+-------+-------++-------
Melee: War axe           |   112 |    61 ||   173
Throw: Javelin           |     8 |       ||     8
  Use: Potion            |     1 |     1 ||     2
       Scroll            |       |     4 ||     4
Armor: Scale mail        |    41 |    23 ||    64
Dodge: Dodged            |    37 |    23 ||    60
Block: Buckler           |    14 |    16 ||    30
